 Dungeon Crawl Stone Soup version 0.19-GnollCrawlA-1-g03664ee (webtiles) character file.

54172 bananaken the Skirmisher (level 1, -6/19 HPs)
             Began as a Centaur Berserker on Feb 9, 2017.
             Was the Champion of Trog.
             Mangled by a stone giant (25 damage)
             ... summoned by the player character
             ... on level 9 of a ziggurat.
             The game lasted 02:15:35 (35998 turns).

bananaken the Skirmisher (Centaur Berserker)       Turns: 35998, Time: 02:15:35

Health: -6/19      AC: 27    Str: 30    XL:     1   Next: 0%
Magic:  0/10       EV:  3    Int:  6    God:    Trog [******]
Gold:   4853       SH:  0    Dex:  8    Spells: 0 memorised, 0 levels left

rFire  + . .     SeeInvis .     V - +2 trident of Wrongful Imprisonment {pierce, rElec rF+ Str+3}
rCold  + . .     Gourm    .     O - +5 plate armour of the Lion {*Contam +Blink Str+5}
rNeg   . . .     Faith    .     (no shield)
rPois  +         Spirit   +     j - +2 helmet
rElec  +         Dismiss  .     K - +2 cloak {rPois}
rCorr  .         Reflect  .     U - +2 pair of gloves {Str+3}
SustAt .         Harm     .     r - +0 centaur barding {rC+}
MR     .....                    A - amulet of guardian spirit
Stlth  ..........               z - ring of magical power
                                Q - +4 ring of slaying

@: very slightly contaminated, hasted, very quick
A: hooves 3, deformed body, speed 2, tough skin 3
a: Berserk, Trog's Hand, Brothers in Arms, Burn Spellbooks, Renounce Religion,
Evoke Blink
}: 3/15 runes: barnacled, slimy, golden


You were on level 9 of a ziggurat.
You worshipped Trog.
Trog was exalted by your worship.
You were completely stuffed.

You visited 10 branches of the dungeon, and saw 43 of its levels.
You visited 1 ziggurat, and saw 9 of its levels.
You also visited: Sewer, Ice Cave and Wizlab.

You collected 6879 gold pieces.
You spent 2026 gold pieces at shops.

Inventory:

Hand Weapons
 V - the +2 trident of Wrongful Imprisonment (weapon) {pierce, rElec rF+ Str+3}
   (You found it on level 13 of the Dungeon)

   It inflicts extra damage upon your enemies.
   It affects your strength (+3).
   It protects you from fire.
   It insulates you from electricity.
Armour
 j - a +2 helmet (worn)
 r - a +0 centaur barding of cold resistance (worn)
 K - a +2 cloak of poison resistance (worn)
 O - the +5 plate armour of the Lion (worn) {*Contam +Blink Str+5}
   (You found it on level 1 of the Elven Halls)

   It affects your strength (+5).
   It lets you blink.
   It causes magical contamination when unequipped.
 U - a +2 pair of gloves of strength (worn)
Rods
 e - a +8 lightning rod (7/17)
   (You found it on level 3 of the Shoals)
 B - a +5 rod of clouds (8/13)
   (You found it on level 5 of a ziggurat)
Jewellery
 l - the ring "Jewehagg" {Str+2 Dex+3 SInv}
   (You found it on level 8 of a ziggurat)

   [ring of dexterity]

   It affects your strength (+2).
   It affects your dexterity (+3).
   It lets you see invisible.
 n - the amulet "Pageosei" {Faith Int+3 Slay+5}
   (You found it on level 3 of the Elven Halls)

   [amulet of faith]

   It allows you to gain divine favour quickly.
   It affects your intelligence (+3).
   It affects your accuracy and damage with ranged weapons and melee attacks
   (+5).
 y - the ring "Jorepsut" {SustAt rF+ rC+ rN+ Stlth+}
   (You found it on level 2 of a ziggurat)

   [ring of sustain attributes]

   It sustains your strength, intelligence and dexterity.
   It protects you from fire.
   It protects you from cold.
   It protects you from negative energy.
   It makes you more stealthy.
 z - a ring of magical power (right hand)
 A - an amulet of guardian spirit (around neck)
 Q - a +4 ring of slaying (left hand)
Wands
 b - a wand of heal wounds (4/9)
 c - a wand of enslavement (3/24)
 g - a wand of paralysis (7/24)
 t - a wand of iceblast (2/15)
 H - a wand of teleportation (6/9)
 I - a wand of digging (8/24)
 S - a wand of hasting (1/9)
Scrolls
 d - 13 scrolls of teleportation
 f - a scroll of fear
 i - 18 scrolls of remove curse
 m - a scroll of recharging
 o - 2 scrolls of holy word
 s - a scroll of immolation
 w - 5 scrolls of identify
 D - a scroll of summoning
 E - 17 scrolls of fog
 J - 7 scrolls of magic mapping
 N - 2 scrolls of blinking
 P - 2 scrolls of brand weapon
 T - 8 scrolls of enchant weapon
 W - 2 scrolls of torment
Potions
 h - 2 potions of cancellation
 k - 5 potions of resistance
 p - 4 potions of haste
 q - 2 potions of agility
 u - 5 potions of ambrosia
 v - 2 potions of invisibility
 x - 15 potions of curing
 G - 4 potions of might
 L - a potion of mutation
 M - a potion of heal wounds
 R - a potion of flight
 Y - a potion of cure mutation
Miscellaneous
 a - a fan of gales
 F - a lamp of fire
 Z - a phantom mirror
Comestibles
 C - 36 fruits


   Skills:
 + Level 3.0 Fighting
 + Level 2.6 Polearms
 + Level 1.3 Armour
 + Level 1.3 Dodging


You couldn't memorise any spells.
You didn't know any spells.

Dungeon Overview and Level Annotations

Branches:
Dungeon (14/15)            Temple (1/1) D:2            Lair (6/6) D:10
 Shoals (4/4) Lair:2        Snake (0/4) Lair:2        Slime (5/5) Lair:6
    Orc (2/2) D:10            Elf (3/3) Orc:2        Vaults (2/5) D:14
  Crypt (3/3) Vaults:2       Tomb (3/3) Crypt:3

Altars:
Ashenzari
Cheibriados
Dithmenos
Elyvilon
Fedhas
Gozag
Hepliaklqana
Kikubaaqudgha
Makhleb
Okawaru
Qazlal
Ru
Sif Muna
Trog
Uskayaw
Vehumet
Xom
Yredelemnul
Zin
The Shining One
Beogh
Jiyva

Shops:
D:12 !   D:13 ?   Orc:2 [(=*   Elf:1 %}[   Shoals:2 }   Shoals:4 (   Vaults:2 (


Innate Abilities, Weirdness & Mutations

You have hooves in place of feet.
Armour fits poorly on your strangely shaped body.
You cover ground very quickly.
You have extremely tough skin. (AC +3)


Message History

Attack whom?
Press: ? - help, Dir - move target cursor, f - gnoll
Aim: a gnoll (heavily wounded)
You reach to attack!
You puncture the gnoll!
You kill the gnoll!
Trog accepts your kill.
The stone giant is engulfed in roaring flames.
Things that are here:
a spear; a chunk of flesh Attack whom?
Press: ? - help, Dir - move target cursor, f - gnoll
Aim: a gnoll, wielding a halberd You reach to attack!
You puncture the stone giant!
The stone giant is severely wounded.
The gnoll barely misses you.
You hit the stone giant.
The stone giant is severely wounded.
The gnoll hits you but does no damage. The stone giant hits you!!
Ouch! That really hurt!
You die...

▓▓▓▓▓▓▓▓▓▓▓
▓▓%%.%%%...▓▓
▓▓.%.@)g)...%▓
▓▓.%.)C)g.%...)
▓▓.§))%)))§)%..[
▓▓.%.))§§§≈§%...=
▓.%%..%§%§8§§...!
▓▓.§.%.§§§§§§..."
▓▓.§§§%gggg§...}
▓▓§§%§§§gg%....
▓▓.%.))).%...▓


You could see a stone giant (berserk) and 8 gnolls.

Vanquished Creatures
  A gnoll sergeant (Slime:5)
  863 gnolls
  The ghost of duckroller the Vandal, a weakling HaHu of Gozag (D:3)
  The ghost of ofeo the Slasher, a weakling MiBe of Trog (IceCv)
  The ghost of bananaken the Skirmisher, a weakling CeBe of Trog (Zig:6)
  60 gnoll zombies
  A bat (WizLab)
  20 gnoll simulacra
  143 gnoll skeletons
  4 plants
1095 creatures vanquished.

Vanquished Creatures (collateral kills)
  58 gnolls
  A gnoll zombie (Tomb:3)
  A gnoll simulacrum (Tomb:3)
60 creatures vanquished.

Vanquished Creatures (others)
  28 gnolls
  3 gnoll zombies
  3 gnoll skeletons
  A plant (Lair:2)
35 creatures vanquished.

Grand Total: 1190 creatures vanquished

Notes
Turn   | Place    | Note
-------+----------+-------------------------------------------
     0 | D:1      | bananaken the Centaur Berserker began the quest for the Orb.
     0 | D:1      | Reached XP level 1. HP: 19/19 MP: 1/1
  1097 | D:1      | Reached ** piety under Trog
  2912 | D:2      | Found a staircase to the Ecumenical Temple.
  2936 | Temple   | Entered the Ecumenical Temple
  3439 | D:3      | Noticed duckroller's ghost (weakling HaHu)
  3473 | D:3      | Killed duckroller's ghost
  3975 | D:3      | Found a radiant altar of Vehumet.
  3984 | D:3      | Found a glowing silver altar of Zin.
  3988 | D:3      | Found a snail-covered altar of Cheibriados.
  5411 | D:3      | Reached *** piety under Trog
  6242 | D:5      | Entered Level 5 of the Dungeon
  6863 | D:6      | Found a glowing drain.
  6870 | Sewer    | Entered a sewer
  8014 | D:7      | Reached **** piety under Trog
  8344 | D:7      | Gained mutation: Your spells are a little harder to cast, but a little more powerful. [potion of mutation]
  8344 | D:7      | Gained mutation: Your body sometimes deteriorates upon taking damage. [potion of mutation]
  8344 | D:7      | Gained mutation: Your mind is acute. (Int +2) [potion of mutation]
  9958 | D:9      | Found an ancient bone altar of Kikubaaqudgha.
 10328 | D:10     | Entered Level 10 of the Dungeon
 10605 | D:10     | Found a staircase to the Orcish Mines.
 10675 | Orc:1    | Entered Level 1 of the Orcish Mines
 10867 | Orc:1    | Found a radiant altar of Vehumet.
 11155 | Orc:2    | Entered Level 2 of the Orcish Mines
 11155 | Orc:2    | Found Dythimen's General Store.
 11179 | Orc:2    | Found a staircase to the Elven Halls.
 11256 | Orc:2    | Found Tiritute's Jewellery Shoppe.
 11275 | Orc:2    | Bought an uncursed ring of magical power for 300 gold pieces
 11275 | Orc:2    | Bought an uncursed amulet of guardian spirit for 450 gold pieces
 11658 | Orc:2    | Found Legy's Antique Armour Emporium.
 11900 | Orc:2    | Found Diepo's Antique Weapon Emporium.
 11905 | Orc:2    | Found Dogoahux's Antique Weapon Shoppe.
 11918 | Orc:2    | Found a roughly hewn altar of Beogh.
 12169 | Elf:1    | Entered Level 1 of the Elven Halls
 12200 | Elf:1    | Found Catz's Food Emporium.
 12203 | Elf:1    | Found Mas Rumu's Gadget Emporium.
 12215 | Elf:1    | Bought a lamp of fire for 480 gold pieces
 12586 | Elf:1    | Reached ***** piety under Trog
 12866 | Elf:1    | Found Igisoth's Armour Shoppe.
 12947 | Elf:1    | Got a distressingly furry plate armour
 12949 | Elf:1    | Identified the +5 plate armour of the Lion {*Contam +Blink Str+5} (You found it on level 1 of the Elven Halls)
 13224 | Elf:2    | Identified a scroll of acquirement
 13567 | Elf:2    | Found a huge runed gate.
 13567 | Elf:2    | Found a huge runed gate.
 13569 | Elf:2    | Found a huge runed gate.
 13570 | Elf:2    | Found a huge runed gate.
 13571 | Elf:2    | Found a huge runed gate.
 13641 | Elf:2    | Received a gift from Trog
 14045 | Elf:3    | Entered Level 3 of the Elven Halls
 14599 | Elf:3    | Received a gift from Trog
 14793 | Elf:3    | Got a transparent bronze amulet
 14814 | Elf:3    | Identified the amulet "Pageosei" {Faith Int+3 Slay+5} (You found it on level 3 of the Elven Halls)
 14876 | Elf:3    | Got a transparent war axe
 14902 | Elf:3    | Identified the +1 war axe of Equilibrium {chop, rElec} (You found it on level 3 of the Elven Halls)
 15284 | Elf:3    | Lost mutation: Your body sometimes deteriorates upon taking damage. [potion of cure mutation]
 15284 | Elf:3    | Lost mutation: Your spells are a little harder to cast, but a little more powerful. [potion of cure mutation]
 15284 | Elf:3    | Lost mutation: Your mind is acute. (Int +2) [potion of cure mutation]
 17121 | D:12     | Found Oceczeph's Distillery.
 17560 | D:13     | Found a shadowy altar of Dithmenos.
 17972 | D:13     | Got a fine trident
 17973 | D:13     | Identified the +2 trident of Wrongful Imprisonment {pierce, rElec rF+ Str+3} (You found it on level 13 of the Dungeon)
 18087 | D:13     | Found Jeep's Magic Scroll Shoppe.
 18090 | D:13     | Bought a scroll of blinking for 75 gold pieces
 18090 | D:13     | Bought a scroll of identify for 20 gold pieces
 18090 | D:13     | Bought a scroll of identify for 20 gold pieces
 18090 | D:13     | Bought a scroll of identify for 20 gold pieces
 18090 | D:13     | Bought a scroll of identify for 20 gold pieces
 18090 | D:13     | Bought a scroll of identify for 20 gold pieces
 18090 | D:13     | Bought a scroll of identify for 20 gold pieces
 18166 | D:14     | Found a frozen archway.
 18182 | IceCv    | Entered an ice cave
 18245 | IceCv    | Received a gift from Trog
 18520 | IceCv    | Noticed ofeo's ghost (weakling MiBe)
 18528 | IceCv    | Killed ofeo's ghost
 19814 | D:14     | Found a gate to the Vaults.
 19943 | D:10     | Found a staircase to the Lair.
 19982 | Lair:1   | Entered Level 1 of the Lair of Beasts
 20739 | Lair:2   | Found a staircase to the Snake Pit.
 21282 | Lair:2   | Found a staircase to the Shoals.
 21288 | Shoals:1 | Entered Level 1 of the Shoals
 21588 | Shoals:1 | Received a gift from Trog
 22053 | Shoals:2 | Found Neakhylu's Gadget Emporium.
 22752 | Shoals:3 | Got a crude scale mail
 22753 | Shoals:3 | Identified the cursed +1 scale mail of Sueren {rF+ rC+} (You found it on level 3 of the Shoals)
 22777 | Shoals:4 | Entered Level 4 of the Shoals
 23014 | Shoals:4 | Found Meriyng's Antique Weapon Boutique.
 23131 | Shoals:4 | Reached ****** piety under Trog
 23141 | Shoals:4 | Received a gift from Trog
 23440 | Shoals:4 | Found a bloodstained altar of Trog.
 23584 | Shoals:4 | Got a barnacled rune of Zot
 26056 | Lair:6   | Entered Level 6 of the Lair of Beasts
 26192 | Lair:6   | Found a staircase to the Slime Pits.
 26192 | Lair:6   | Found a viscous altar of Jiyva.
 26893 | Slime:1  | Entered Level 1 of the Pits of Slime
 26932 | Slime:3  | Received a gift from Trog
 27091 | Slime:5  | Entered Level 5 of the Pits of Slime
 27161 | Slime:5  | Noticed a gnoll sergeant
 27171 | Slime:5  | Killed a gnoll sergeant
 27179 | Slime:5  | Found a viscous altar of Jiyva.
 27856 | Elf:1    | Bought a wand of digging (12/24) for 384 gold pieces
 28075 | Slime:5  | Got a coiled iron amulet
 28076 | Slime:5  | Identified the amulet "Symul" {Reflect rN+ SH+4} (You found it on level 5 of the Pits of Slime)
 28146 | Slime:5  | Got a slimy rune of Zot
 28152 | Slime:5  | Got a faintly humming plate armour
 28153 | Slime:5  | Identified the +1 plate armour of the Game Afoot {Str+6} (You found it on level 5 of the Pits of Slime)
 28216 | Slime:5  | Got a bone battleaxe
 28217 | Slime:5  | Identified the +7 battleaxe of Gehenna {flame, +Blink Int+5 Dex-2} (You found it on level 5 of the Pits of Slime)
 28234 | Slime:5  | Got a translucent flail
 28235 | Slime:5  | Identified the +7 flail "Wuwnopak" {crush, rPois} (You found it on level 5 of the Pits of Slime)
 28248 | Slime:5  | Got a polished hand crossbow
 28250 | Slime:5  | Identified the +6 hand crossbow of the Revolution {flame, Stlth+} (You found it on level 5 of the Pits of Slime)
 28500 | Vaults:1 | Entered Level 1 of the Vaults
 29564 | Vaults:2 | Found Arear's Antique Weapon Emporium.
 29650 | Vaults:2 | Bought a steaming dagger for 217 gold pieces
 29650 | Vaults:2 | Identified the +9 dagger of Immorality {pierce, Int+5} (You bought it in a shop on level 2 of the Vaults)
 29763 | Vaults:2 | Received a gift from Trog
 30140 | Vaults:2 | Found a staircase to the Crypt.
 30140 | Vaults:2 | Found a basalt altar of Yredelemnul.
 30162 | Vaults:2 | Found an ancient bone altar of Kikubaaqudgha.
 30687 | Crypt:1  | Entered Level 1 of the Crypt
 30798 | Crypt:1  | Found a magical portal.
 30811 | WizLab   | Entered Doroklohe's Tomb
 31442 | Crypt:1  | Found an ancient bone altar of Kikubaaqudgha.
 32526 | Crypt:3  | Entered Level 3 of the Crypt
 32560 | Crypt:3  | Found a staircase to the Tomb.
 32609 | Tomb:1   | Entered Level 1 of the Tomb of the Ancients
 33713 | Tomb:3   | Entered Level 3 of the Tomb of the Ancients
 33868 | Tomb:3   | Got a golden rune of Zot
 33992 | Tomb:3   | Got a fine war axe
 33993 | Tomb:3   | Identified the cursed +3 war axe "Nuysaur" {vamp, Int+8 SInv Stlth+} (You found it on level 3 of the Tomb of the Ancients)
 34246 | Tomb:3   | Got a vibrating sapphire amulet
 34345 | Tomb:3   | Identified the amulet of Gucrus {Dismiss Int+7} (You found it on level 3 of the Tomb of the Ancients)
 34348 | Tomb:3   | Got a shimmering lead ring
 34350 | Tomb:3   | Identified the cursed ring of the Falcon {EV-2 Int+3 Slay+3} (You found it on level 3 of the Tomb of the Ancients)
 34357 | Tomb:3   | Got a clouded zirconium amulet
 34363 | Tomb:3   | Got a bound amber ring
 34368 | Tomb:3   | Identified the ring of Zatiq {SustAt *Confuse rElec Dex+6} (You found it on level 3 of the Tomb of the Ancients)
 34372 | Tomb:3   | Identified the amulet of Nego {Gourm -Tele rElec Str+6 Int+3} (You acquired it on level 3 of the Tomb of the Ancients)
 34377 | Tomb:3   | Got a heavily runed lead amulet
 34386 | Tomb:3   | Identified the amulet "Pidisyel" {RegenMP rC++ Stlth+} (You found it on level 3 of the Tomb of the Ancients)
 34399 | Tomb:3   | Got a bloodstained flail
 34402 | Tomb:3   | Got a transparent mace
 34408 | Tomb:3   | Got an ancient battleaxe
 34413 | Tomb:3   | Identified the +6 flail of Lauk {venom, rElec rPois Int+3 SInv} (You found it on level 3 of the Tomb of the Ancients)
 34414 | Tomb:3   | Identified the +1 mace "Transmigrator" {antimagic, rC+++} (You found it on level 3 of the Tomb of the Ancients)
 34415 | Tomb:3   | Identified the +7 battleaxe of Instinct {chop, Int+6} (You found it on level 3 of the Tomb of the Ancients)
 34486 | Tomb:3   | Got a crude rapier
 34489 | Tomb:3   | Identified the +10 rapier "Fyidetil" {flame, rC+ Dex+3} (You found it on level 3 of the Tomb of the Ancients)
 34520 | Zig:1    | Entered Level 1 of a ziggurat
 34524 | Zig:1    | Received a gift from Trog
 34647 | Zig:2    | Entered Level 2 of a ziggurat
 34665 | Zig:2    | Got a pitted bone ring
 34669 | Zig:2    | Identified the ring "Jorepsut" {SustAt rF+ rC+ rN+ Stlth+} (You found it on level 2 of a ziggurat)
 34798 | Zig:3    | Entered Level 3 of a ziggurat
 34817 | Zig:3    | Got a flickering glass ring
 34825 | Zig:3    | Identified the ring "Lexkir" {SustAt rF+ MR+ Stlth+} (You found it on level 3 of a ziggurat)
 34951 | Zig:4    | Entered Level 4 of a ziggurat
 35157 | Zig:5    | Entered Level 5 of a ziggurat
 35176 | Zig:5    | Received a gift from Trog
 35220 | Zig:5    | Identified a +5 rod of clouds (13/13) (You found it on level 5 of a ziggurat)
 35402 | Zig:6    | Entered Level 6 of a ziggurat
 35402 | Zig:6    | Noticed bananaken's ghost (weakling CeBe)
 35412 | Zig:6    | Killed bananaken's ghost
 35560 | Zig:7    | Entered Level 7 of a ziggurat
 35566 | Zig:7    | Received a gift from Trog
 35757 | Zig:7    | Received a gift from Trog
 35764 | Zig:8    | Entered Level 8 of a ziggurat
 35830 | Zig:8    | Got a slimy bronze ring
 35833 | Zig:8    | Identified the ring "Jewehagg" {Str+2 Dex+3 SInv} (You found it on level 8 of a ziggurat)
 35936 | Zig:9    | Entered Level 9 of a ziggurat
 35975 | Zig:9    | Received a gift from Trog
 35998 | Zig:9    | Mangled by a stone giant

Action                   || total
-------------------------++-------
Melee: Trident           ||  1551
       Spear             ||   849
       Kick              ||   390
Invok: Berserk           ||    95
       Burn Spellbooks   ||    17
       Brothers in Arms  ||     5
       Trog's Hand       ||     4
Evoke: Rod               ||    56
       Wand              ||    47
       Lamp of fire      ||     6
       Fan of gales      ||     2
       Figurine of a zig ||     1
  Use: Scroll            ||    81
       Potion            ||    26
 Stab: Paralysed         ||     5
  Eat: Meat ration       ||     2
Armor: Plate armour      ||   924
       Leather armour    ||    50
       Animal skin       ||     6
Dodge: Dodged            ||   431
